 Dungeon Crawl Stone Soup version 0.30-a0-4-ga7cffc901d (webtiles) character file.

Game seed: 1673100418090781266

247 xian the Chiller (level 5, -7/38 HPs)
             Began as a Draconian Ice Elementalist on Aug 22, 2022.
             Was an Initiate of Ashenzari.
             Mangled by Crazy Yiuf
             ... wielding a +4 quarterstaff of chaos
              (9 damage)
             ... on level 3 of the Dungeon.
             The game lasted 00:11:41 (2974 turns).

xian the Chiller (Draconian Ice Elementalist)       Turns: 2974, Time: 00:11:42

Health: -7/38      AC:  8    Str: 10    XL:     5   Next: 85%
Magic:  6/10       EV: 16    Int: 18    God:    Ashenzari [......]
Gold:   158        SH:  0    Dex: 11    Spells: 4/11 levels left

rFire   . . .      SeeInvis .    l - +2 dagger (holy)
rCold   . . .      Faith    .    (no shield)
rNeg    . . .      Spirit   .    (body armour unavailable)
rPois   .          Reflect  .    (helmet restricted)
rElec   .          Harm     .    (no cloak)
rCorr   .          Rampage  .    j - +2 pair of gloves "Doubts of Ashenzari" {Elem, Fort} (curse)
Will    .....                    (no boots)
Stlth   ++........               c - amulet of the acrobat
HPRegen 0.12/turn                k - +4 ring of evasion
MPRegen 0.12/turn                (no ring)

@: mighty, freezing walls
A: AC +5, unfitting armour, cold-blooded
a: Renounce Religion, Shatter the Chains


You were on level 3 of the Dungeon.
You worshipped Ashenzari.
Ashenzari was noncommittal.
You visited 1 branch of the dungeon, and saw 3 of its levels.

You collected 158 gold pieces.

Inventory:

Hand Weapons
 l - a +2 dagger of holy wrath (weapon)
 m - a +3 sling
Missiles
 i - 3 atropa-tipped darts
 s - a throwing net
Armour
 j - the cursed +2 pair of gloves "Doubts of Ashenzari" (worn) {Elem, Fort}
   (You found it on level 1 of the Dungeon)

   It has a curse which improves the following skills: Elements: Fire Magic, Ice
   Magic, Air Magic and Earth Magic.
   Fortitude: Shields.
Jewellery
 c - an amulet of the acrobat (around neck)
 k - a +4 ring of evasion (left hand)
Wands
 o - a wand of digging (5)
 t - a wand of roots (9)
 v - a wand of quicksilver (7)
Scrolls
 d - 2 scrolls of poison {unknown}
 e - 2 scrolls of immolation {unknown}
 f - a scroll of fog {unknown}
 h - 2 scrolls of blinking {unknown}
 p - a scroll of identify {unknown}
 q - a scroll of teleportation {unknown}
Potions
 a - a potion of magic
 b - 4 potions of might {unknown}
 g - a potion of curing {unknown}
 n - a potion of haste {unknown}
 r - a potion of brilliance {unknown}
 u - a potion of heal wounds {unknown}


   Skills:
 + Level 1.4 Short Blades
 + Level 0.2 Throwing
 + Level 2.7 Dodging
 + Level 2.2 Stealth
 + Level 3.5 Spellcasting
 + Level 5.3(5.7) Ice Magic


You had 4 spell levels left.
You knew the following spells:

 Your Spells              Type           Power      Damage    Failure   Level
a - Freeze                Ice            96%        1d11      1%          1
b - Frozen Ramparts       Ice            48%        1d8       4%          3
c - Ozocubu's Armour      Ice            24%        N/A       4%          3

Your spell library contained the following spells:

 Spells                   Type           Power      Damage    Failure   Level
 Sublimation of Blood     Necr           3%         N/A       24%         2
 Wereblood                Tmut           3%         N/A       24%         2
 Hailstorm                Conj/Ice       13%        3d5       43%         4
 Summon Hydra             Summ           1%         N/A       100%        7


Dungeon Overview and Level Annotations

Branches:
Dungeon (3/15)

Altars:
Ashenzari

Annotations:
D:3 Crazy Yiuf


Innate Abilities, Weirdness & Mutations

Your plain brown scales are hard. (AC +5)
You cannot fit into any form of body armour.
You are cold-blooded and may be slowed by cold attacks.


Message History

Press: ? - help, Dir - look around, f - activate The walls around you are covered in ice.
Crazy Yiuf laughs, "Cod pizzabubble bag!"
Okay, then.
You open the door.
The wall freezes Crazy Yiuf.
You barely miss Crazy Yiuf.
Crazy Yiuf is lightly wounded.
The wall freezes Crazy Yiuf.
Crazy Yiuf whimpers, "Snurf ena tired!"
Crazy Yiuf hits you with a +4 quarterstaff of chaos!
You hit Crazy Yiuf but do no damage.
Crazy Yiuf is moderately wounded.
The wall freezes Crazy Yiuf.
Crazy Yiuf screams, "Snurf!"
Crazy Yiuf hits you with a +4 quarterstaff of chaos!
You feel very mighty all of a sudden.
You barely miss Crazy Yiuf.
Crazy Yiuf is moderately wounded.
The wall freezes Crazy Yiuf.
Crazy Yiuf hits you with a +4 quarterstaff of chaos.
Crazy Yiuf freezes you.
You closely miss Crazy Yiuf.
Crazy Yiuf is heavily wounded.
The wall freezes Crazy Yiuf.
Crazy Yiuf hits you with a +4 quarterstaff of chaos!
* * * LOW HITPOINT WARNING * * *
Crazy Yiuf burns you.
* * * LOW HITPOINT WARNING * * *
Okay, then.
You are too injured to fight recklessly!
Casting: Frozen Ramparts (dangerous; 4% risk of failure)
Confirm with . or Enter, or press ? or * to list all spells.
Aiming: Freeze (safe; 1% risk of failure)
Press: ? - help, Shift-Dir - straight line, f - Crazy Yiuf
Aim: Crazy Yiuf, wielding a +4 quarterstaff of chaos and wearing a +2 cloak (heavily wounded)
You freeze Crazy Yiuf.
Crazy Yiuf is severely wounded.
The wall freezes Crazy Yiuf but does no damage.
Crazy Yiuf hits you with a +4 quarterstaff of chaos!
You die...

.#.######....#
##.## #..
#.#.# ##..##
#..## #.. . ..
♣....♣ #...#
#.. ♣...♣♣
#..## #..
♣♣)♣♣ #.## #..
♣)♣♣ ### #..
♣♣.♣ ######
### ♣.♣♣
#....# # ♣♣@♣
####.# # #g#
###.#######
...
#..........
#.))#
##.#.#######
#..)# #....#
## #####
####.# #. #.#
###. #####.#
#... #.....#
#...


You could see Crazy Yiuf.

Vanquished Creatures
  Jessica (D:3)
  Terence (D:3)
  Natasha (thrice) (D:3)
  4 gnolls (D:3)
  A worm (D:3)
  2 dart slugs
  7 orcs (D:3)
  5 bats
  6 endoplasms
  2 giant cockroaches (D:2)
  9 goblins
  4 hobgoblins
  4 jackals
  2 quokkas (D:1)
  4 ball pythons
  4 frilled lizards
  4 kobolds
  8 rats
71 creatures vanquished.

Notes
Turn   | Place    | Note
-------+----------+-------------------------------------------
     0 | D:1      | xian the Draconian Ice Elementalist began the quest for the
                  | Orb.
     0 | D:1      | Reached XP level 1. HP: 14/14 MP: 3/3
   290 | D:1      | Reached XP level 2. HP: 15/20 MP: 1/5
  1306 | D:2      | Reached XP level 3. HP: 26/26 MP: 2/6
  1310 | D:2      | Learned a level 3 spell: Frozen Ramparts
  1314 | D:2      | Learned a level 3 spell: Ozocubu's Armour
  1489 | D:2      | Found a faded altar of an unknown god.
  1521 | D:2      | Prayed at the altar of an unknown god.
  1521 | D:2      | Became a worshipper of Ashenzari the Shackled
  2048 | D:3      | Noticed Natasha
  2053 | D:3      | Killed Natasha
  2054 | D:3      | Reached XP level 4. HP: 33/33 MP: 4/8
  2296 | D:3      | Noticed Jessica
  2302 | D:3      | Noticed Natasha
  2303 | D:3      | Killed Jessica
  2304 | D:3      | Reached skill level 5 in Ice Magic
  2304 | D:3      | Noticed Terence
  2311 | D:3      | Killed Natasha
  2315 | D:3      | Reached XP level 5. HP: 19/38 MP: 0/9
  2334 | D:3      | Killed Terence
  2335 | D:3      | Reached skill level 1 in Short Blades
  2885 | D:3      | Noticed Natasha
  2898 | D:3      | Killed Natasha
  2964 | D:3      | Found a runed translucent door.
  2965 | D:3      | Noticed Crazy Yiuf
  2974 | D:3      | Mangled by Crazy Yiuf

Illustrated notes

Levels and vault maps discovered:
D:1:      roderic_chinese_lattice_arrival, layout_loops_corners,
          roderic_roman_lattice
D:2:      layout_rooms, ebering_ecumenical_altar_abandoned
D:3:      layout_loops_cross, uniq_jessica, uniq_crazy_yiuf_cottage,
          uniq_natasha, uniq_terence

Skill      XL: |  1  2  3  4  5 |
---------------+----------------+-----
Dodging        | 2 |  2.7
Stealth        | 2 |  2.2
Ice Magic      | 5 |  5.3
Spellcasting   | 3 |  3.5
Short Blades   | 1 |  1.4
Throwing       | |  0.2

Action                   |  1- 3 |  4- 6 || total
-------------------------+-------+-------++-------
Melee: Unarmed           |    14 |       ||    14
       Whip              |     6 |       ||     6
       Dagger            |    25 |    43 ||    68
       Tailslap          |     4 |     4 ||     8
       Punch             |     2 |       ||     2
Throw: Dart              |       |     6 ||     6
       Throwing net      |       |     1 ||     1
 Cast: Freeze            |    46 |    13 ||    59
       Frozen Ramparts   |       |     6 ||     6
       Ozocubu's Armour  |       |     1 ||     1
Invok: Curse Item        |       |     1 ||     1
  Use: Potion            |       |     1 ||     1
 Stab: Sleeping          |     2 |     1 ||     3
Armor: Skin              |    28 |     8 ||    36
Dodge: Dodged            |    62 |    50 ||   112

Table legend: (Time is in decaauts)
 A = Elapsed time spent in this place.
 B = Non-inter-level travel time spent in this place.
 C = Inter-level travel time spent in this place.
 D = Time resting spent in this place.
 E = Time spent auto-exploring this place.
 F = Levels seen in this place.
 G = Mean time per level.
                   A        B        C        D        E       F      G
               +--------+--------+--------+--------+--------+-----+--------+
         Total |   2970 |   2884 |     86 |      0 |   2303 |   3 |  990.0 |
       Dungeon |   2970 |   2884 |     86 |      0 |   2303 |   3 |  990.0 |
               +--------+--------+--------+--------+--------+-----+--------+

Top non-repeatable levels by time:
     D:1: 1271 daAuts
     D:3: 1037 daAuts
     D:2: 661 daAuts
